[ AOE2 MATCH · #478802406 ]
1v1 RMEthiopians vs Bulgarians
Player's team · LOSS
[ REPLAY ANALYSIS · EXTRACTED FROM THE RECORDED GAME ]
Feudal
—
Castle
—
Imperial
—
| APM avg | 25.7 |
| APM peak | 47 |
| eAPM avg | 10.5 |
| Villagers / military | 13 / 0 |
Focus
⚔️ 7.1% · 🌾 92.9%
Feudal
—
Castle
—
Imperial
—
| APM avg | 32.7 |
| APM peak | 44 |
| eAPM avg | 10.7 |
| Villagers / military | 13 / 0 |
Focus
⚔️ 11.6% · 🌾 88.4%
Match map
Initial resources + every placement click. Lines = walls · curves = elevation contours. ◆ gold · ⬟ stone · ● berries · ✦ relic · ◌ wall gap
Your base
daniel_giuliano's base
Smoothed initial terrain · ◌ = detected wall gap · hover for details
Inputs per minute
— twitch.tv/hungarianaoefun - - daniel_giuliano
Build order — twitch.tv/hungarianaoefun
18 actions detected in the replay
| 0:01 | Create | Villager (Male) |
| 0:01 | Create | Villager (Male) |
| 0:02 | Build | House |
| 0:04 | Build | House |
| 0:56 | Create | Villager (Male) |
| 0:57 | Create | Villager (Male) |
| 0:57 | Create | Villager (Male) |
| 1:33 | Create | Villager (Male) |
| 1:54 | Build | Lumber Camp |
| 2:10 | Create | Villager (Male) |
| 2:21 | Create | Villager (Male) |
| 3:07 | Create | Villager (Male) |
| 3:08 | Create | Villager (Male) |
| 3:43 | Create | Villager (Male) |
| 4:11 | Create | Villager (Male) |
| 4:36 | Create | Villager (Male) |
| 4:40 | Build | House |
| 4:41 | Build | House |
Build order — daniel_giuliano
18 actions detected in the replay
| 0:02 | Create | Villager (Male) |
| 0:02 | Create | Villager (Male) |
| 0:02 | Create | Villager (Male) |
| 0:02 | Create | Villager (Male) |
| 0:03 | Build | House |
| 0:05 | Build | House |
| 1:42 | Create | Villager (Male) |
| 1:45 | Research | Loom |
| 2:14 | Create | Villager (Male) |
| 2:14 | Create | Villager (Male) |
| 3:21 | Build | Barracks |
| 3:35 | Create | Villager (Male) |
| 3:35 | Create | Villager (Male) |
| 3:36 | Create | Villager (Male) |
| 3:36 | Create | Villager (Male) |
| 4:16 | Build | House |
| 4:21 | Create | Villager (Male) |
| 4:23 | Create | Villager (Male) |
Match timeline
| 3:21 | daniel_giuliano · first_building Barracks |
| 5:08 | twitch.tv/hungarianaoefun · resign |
[ AI ANALYSIS · 1 CREDIT ]
What really happened in this match?
Wolo.gg analyzes every decision: build order, eco, micro, common mistakes by bracket. Personalized analysis on WhatsApp or Discord in 30 seconds.
Civ guide
Ethiopians
Map guide
Arabia
Perfil
Jugador #5115514